 Dungeon Sprint DCSS version 0.20-a0-629-gc37eb77 (webtiles) character file.

4769 HallandMoats the Fighter (level 10, -1/85 HPs)
             Began as a Demonspawn Skald on Feb 11, 2017.
             Slain by Ypruho Yvabb the pandemonium lord (7 damage)
             ... in the Dungeon (Sprint V: "Ziggurat Sprint").
             The game lasted 00:04:34 (882 turns).

HallandMoats the Fighter (Demonspawn Skald)          Turns: 882, Time: 00:04:35

Health: -1/85      AC: 22    Str: 23    XL:     10   Next: 23%
Magic:  22/22      EV:  0    Int: 14    God:    Xom [....*.]
Gold:   0          SH: 29    Dex: 17    Spells: 18/26 levels left

rFire    + . .     SeeInvis +   y - +7 Screaming Sword
rCold    + . .     Gourm    .   a - +5 gold dragon scales
rNeg     + . .     Faith    .   x - +18 shield of the Gong {rElec rN+ MR+ EV-5}
rPois    +         Spirit   .   D - +2 hat {SInv}
rElec    +         Reflect  .   (no cloak)
rCorr    .         Harm     .   (no gloves)
MR       ++...     NoTele   +   (no boots)
Stlth    ..........             z - amulet of Noopraq {+Rage MR+}
Regen    0.3/turn               C - +6 ring of strength
                                B - +6 ring of strength

@: very slightly contaminated, hasted, very quick
A: antennae 1, claws 1, talons 1, demonic guardian 1, nightstalker 2
a: Renounce Religion, Evoke Berserk Rage


You were in the Dungeon.
You worshipped Xom.
You were a beloved toy of Xom.
You were not hungry.

You visited 1 branch

Inventory:

Hand Weapons
 y - the +7 Screaming Sword (weapon)
   (You found it in the Dungeon)
Armour
 a - +5 gold dragon scales (worn)
 x - the +18 shield of the Gong (worn) {rElec rN+ MR+ EV-5}
   (You found it in the Dungeon)

   It affects your evasion (-5).
   It insulates you from electricity.
   It protects you from negative energy.
   It affects your resistance to hostile enchantments.
 D - a +2 hat of see invisible (worn)
Jewellery
 z - the amulet of Noopraq (around neck) {+Rage MR+}
   (You found it in the Dungeon)

   [amulet of rage]

   It affects your resistance to hostile enchantments.
   It lets you go berserk.
 A - a +1 ring of slaying
 B - a +6 ring of strength (left claw)
 C - a +6 ring of strength (right claw)
Scrolls
 j - 4 scrolls of blinking
 p - 4 scrolls of amnesia
 q - 3 scrolls of recharging
 r - 7 scrolls of fog
 s - 5 scrolls of identify
 t - 5 scrolls of remove curse
 u - 2 scrolls of fear
 E - 4 scrolls of enchant weapon
Potions
 b - 2 potions of brilliance
 e - 10 potions of curing
 f - 10 potions of heal wounds
 g - 2 potions of haste
 h - 7 potions of magic
 i - 3 potions of berserk rage
 k - a potion of invisibility
 l - 4 potions of resistance
 n - 3 potions of agility
 o - 3 potions of might
Books
 c - a book of Battle

   Spells                             Type                      Level
   a - Infusion                       Charms                       1
   b - Shroud of Golubria             Charms/Translocation         2
   c - Song of Slaying                Charms                       2
   d - Spectral Weapon                Hexes/Charms                 3
   e - Regeneration                   Charms/Necromancy            3
Miscellaneous
 m - 2 boxes of beasts
Comestibles
 d - 5 bread rations
 v - 42 fruits
 w - 4 meat rations


   Skills:
 * Level 10.0 Fighting
 * Level 9.2 Long Blades
 + Level 6.1 Armour
 + Level 6.5 Dodging
 + Level 6.3 Shields
 * Level 8.6 Spellcasting
 * Level 7.8 Hexes
 * Level 8.8 Charms
 * Level 7.0 Translocations


You had 18 spell levels left.
You knew the following spells:

 Your Spells              Type           Power        Failure   Level  Hunger
a - Infusion              Chrm           ####         92%         1    None
b - Shroud of Golubria    Chrm/Tloc      ####......   99%         2    None
c - Song of Slaying       Chrm           ####....     98%         2    None
d - Spectral Weapon       Hex/Chrm       ####....     100%        3    ##.....


Dungeon Overview and Level Annotations

Branches:
Dungeon (1/1)

Altars:
Ashenzari
Cheibriados
Dithmenos
Elyvilon
Fedhas
Gozag
Hepliaklqana
Kikubaaqudgha
Makhleb
Nemelex Xobeh
Okawaru
Qazlal
Ru
Sif Muna
Trog
Uskayaw
Vehumet
Xom
Yredelemnul
Zin
The Shining One
Beogh
Jiyva
Lugonu


Innate Abilities, Weirdness & Mutations

You have a pair of small antennae on your head.
You have sharp fingernails.
You have sharp toenails.
A weak demonic guardian rushes to your aid.
You are significantly more attuned to the shadows.


Message History

PANG!
You block Ypruho Yvabb's attack.
GONNNNG!
You block the ice devil's attack.
GONNNNG!
The crimson imp blinks!
You block the crimson imp's attack.
PTOANNNG!
The crimson imp hits you but does no damage.
You feel yourself speed up.
The Screaming Sword hollers loudly!
The monsters around you reel from the noise!
Ypruho Yvabb hits you!
* * * LOW HITPOINT WARNING * * *
You block the ice devil's attack.
GONNNNG!
The crimson imp blinks! x3; You block the crimson imp's attack.
GONNNNG!
Ypruho Yvabb hits you!
You die...
Xom chortles!

▓.........▓.▓...▓.▓
▓.........▓.......▓
▓▓▓▓▓▓▓▓▓▓▓▓▓▓▓▓▓▓▓
{ ▓...8©8...▓
▓..)..}}.§▓
▓....|:|..▓
▓....§..55▓
▓...§&4...▓
▓...5@5...▓
▓...§.....▓
▓.▓....5▓.▓
▓.........▓
▓▓▓▓▓▓▓▓▓▓▓


You could see Ypruho Yvabb, an ice devil, an iron imp (petrified) and 4 crimson
imps.

Vanquished Creatures
  A deep elf knight (D)
  A spriggan druid (D)
  2 deep elf magi (D)
  A hornet (D)
  An air elemental (D)
  6 spriggans (D)
  A naga (D)
  A water moccasin (D)
  3 hell hounds (D)
  2 orc warriors (D)
  A black bear (D)
  A wolf (D)
  A crimson imp (D)
  2 quasits (D)
  2 iron imps (D)
  5 orc priests (D)
  2 iguanas (D)
  A river rat (D)
  2 shadow imps (D)
  A white imp (D)
  2 adder zombies (D)
  2 orcs (D)
  A bat zombie (D)
  2 ball pythons (D)
  A leopard gecko skeleton (D)
45 creatures vanquished.

Vanquished Creatures (collateral kills)
  A deep elf mage (D)
  A jackal zombie (D)
  A leopard gecko skeleton (D)
3 creatures vanquished.

Grand Total: 48 creatures vanquished

Notes
Turn   | Place    | Note
-------+----------+-------------------------------------------
     0 | D        | HallandMoats the Demonspawn Skald began the quest for the Orb.
     0 | D        | Reached XP level 1. HP: 16/16 MP: 3/3
    10 | D        | Found a blossoming altar of Fedhas.
    12 | D        | Found a deep blue altar of Sif Muna.
    12 | D        | Found a sacrificial altar of Ru.
    12 | D        | Found a bloodstained altar of Trog.
    12 | D        | Found a stormy altar of Qazlal.
    12 | D        | Found an iron altar of Okawaru.
    12 | D        | Found a sparkling altar of Nemelex Xobeh.
    14 | D        | Found an ancient bone altar of Kikubaaqudgha.
    14 | D        | Found a viscous altar of Jiyva.
    14 | D        | Found a corrupted altar of Lugonu.
    14 | D        | Found a hazy altar of Hepliaklqana.
    14 | D        | Found a burning altar of Makhleb.
    14 | D        | Found an opulent altar of Gozag.
    59 | D        | Became a worshipper of Xom of Chaos
    72 | D        | Entered arena 1.
    78 | D        | Reached skill level 1 in Armour
    84 | D        | Entered arena 2.
    84 | D        | Noticed an iron imp
    84 | D        | Noticed a quasit
   101 | D        | Killed a quasit
   101 | D        | Reached skill level 3 in Fighting
   101 | D        | Reached skill level 1 in Shields
   101 | D        | Gained mutation: A weak demonic guardian rushes to your aid. [demonic ancestry]
   101 | D        | Reached XP level 2. HP: 6/24 MP: 3/5
   101 | D        | Gained mutation: You are slightly more attuned to the shadows. [demonic ancestry]
   101 | D        | Reached XP level 3. HP: 7/29 MP: 4/7
   106 | D        | Reached skill level 4 in Fighting
   106 | D        | Gained mutation: You have sharp toenails. [demonic ancestry]
   106 | D        | Reached XP level 4. HP: 9/37 MP: 4/8
   341 | D        | Got the amulet of Noopraq {+Rage MR+}
   346 | D        | Reached skill level 6 in Fighting
   346 | D        | Reached skill level 5 in Long Blades
   346 | D        | Reached XP level 5. HP: 47/47 MP: 8/11
   350 | D        | Learned a level 2 spell: Shroud of Golubria
   353 | D        | Learned a level 2 spell: Song of Slaying
   357 | D        | Learned a level 3 spell: Spectral Weapon
   362 | D        | Entered arena 3.
   362 | D        | Noticed a wolf
   364 | D        | XOM: enchant monster (good)
   368 | D        | Reached skill level 1 in Hexes
   369 | D        | Reached skill level 1 in Translocations
   371 | D        | Killed a wolf
   371 | D        | Reached skill level 5 in Charms
   371 | D        | Gained mutation: You are significantly more attuned to the shadows. [demonic ancestry]
   371 | D        | Reached XP level 6. HP: 49/53 MP: 10/13
   383 | D        | Entered arena 4.
   383 | D        | Noticed a water moccasin
   383 | D        | Noticed a naga
   394 | D        | Killed a naga
   394 | D        | Reached skill level 7 in Fighting
   394 | D        | Reached skill level 5 in Spellcasting
   394 | D        | XOM: potion effect (haste)
   395 | D        | Killed a water moccasin
   406 | D        | Entered arena 5.
   406 | D        | Noticed a deep elf mage
   406 | D        | Noticed a deep elf knight
   406 | D        | Noticed an air elemental
   406 | D        | Noticed a deep elf mage
   406 | D        | Noticed a deep elf mage
   409 | D        | Killed an air elemental
   409 | D        | Reached skill level 5 in Dodging
   409 | D        | Reached XP level 7. HP: 56/60 MP: 15/15
   412 | D        | Killed a deep elf mage
   412 | D        | Reached skill level 8 in Fighting
   412 | D        | Gained mutation: You have a pair of small antennae on your head. [demonic ancestry]
   412 | D        | Reached XP level 8. HP: 64/68 MP: 15/17
   414 | D        | Killed a deep elf mage
   414 | D        | Reached skill level 5 in Armour
   414 | D        | Reached skill level 5 in Shields
   414 | D        | Reached skill level 5 in Hexes
   417 | D        | Killed a deep elf mage
   417 | D        | Reached skill level 5 in Translocations
   419 | D        | Killed a deep elf knight
   419 | D        | Reached skill level 9 in Fighting
   419 | D        | Gained mutation: You have sharp fingernails. [demonic ancestry]
   419 | D        | Reached XP level 9. HP: 73/76 MP: 15/20
   423 | D        | Entered arena 6.
   446 | D        | Entered arena 7.
   465 | D        | Entered arena 8.
   494 | D        | Entered arena 9.
   496 | D        | Noticed a spriggan druid
   496 | D        | Noticed a spriggan rider
   508 | D        | Killed a spriggan druid
   508 | D        | Reached XP level 10. HP: 23/85 MP: 20/22
   513 | D        | Reached skill level 10 in Fighting
   865 | D        | Entered arena 10.
   867 | D        | Noticed Ypruho Yvabb the pandemonium lord
   873 | D        | XOM: enchant monster (good)
   882 | D        | Slain by Ypruho Yvabb the pandemonium lord

Vault maps used:
D:        sprint_v

Skill      XL: |  1  2  3  4  5  6  7  8  9 10 |
---------------+-------------------------------+-----
Long Blades    | 3 5 6 7 8 9 |  9.2
Armour         | 1 2 3 4 5 6 |  6.1
Dodging        | 2 4 5 6 |  6.5
Fighting       | 3 4 6 7 8 9 10 | 10.0
Shields        | 1 2 3 4 5 6 |  6.3
Charms         | 3 4 5 6 7 8 |  8.8
Spellcasting   | 3 4 5 6 7 8 |  8.6
Hexes          | 2 3 4 6 7 |  7.8
Translocations | 1 3 4 5 6 7 |  7.0

Action                   |  1- 3 |  4- 6 |  7- 9 | 10-12 || total
-------------------------+-------+-------+-------+-------++-------
Melee: Double sword      |    27 |    22 |    58 |    16 ||   123
       Kick              |       |     8 |    22 |     9 ||    39
  Use: Potion            |       |     4 |     4 |     3 ||    11
 Stab: Invisible         |       |       |     6 |       ||     6
       Distracted        |       |       |     1 |       ||     1
Armor: Gold dragon scale |    71 |    13 |    13 |     8 ||   105
Dodge: Dodged            |     1 |     1 |     9 |     5 ||    16
Block: Shield            |    73 |    43 |    76 |    36 ||   228
       Rpst.: Double sword |     1 |       |     4 |     3 ||     8
